 Dungeon Crawl Stone Soup version 0.30-a0-996-ga6910c8ee8 (webtiles) character file.

Game seed: 9269288303736138527

2 jimonade the Trooper (level 1, 0/20 HPs)
             Began as a Hill Orc Monk on Apr 4, 2023.
             Succumbed to a goblin's poison
             ... on level 1 of the Dungeon.
             The game lasted 00:00:18 (112 turns).

jimonade the Trooper (Hill Orc Monk)                 Turns: 112, Time: 00:00:19

Health: 0/20       AC:  2    Str: 13    XL:     1   Next: 30%
Magic:  1/1        EV: 12    Int: 10    God:
Gold:   11         SH:  0    Dex: 13    Spells: 0/0 levels left

rFire   . . .      SeeInvis .    a - +0 spear
rCold   . . .      Faith    .    (no shield)
rNeg    . . .      Spirit   .    b - +0 robe
rPois   .          Reflect  .    (no helmet)
rElec   .          Rampage  .    (no cloak)
rCorr   .                        (no gloves)
Will    .....                    (no boots)
Stlth   ++                       (no amulet)
HPRegen 0.23/turn                (no ring)
MPRegen 0.07/turn                (no ring)

@: lethally poisoned (0 -> -16)
A: no striking features
a: no special abilities


You were on level 1 of the Dungeon.
You visited 1 branch of the dungeon, and saw 1 of its levels.

You collected 11 gold pieces.

Inventory:

Hand Weapons
 a - a +0 spear (weapon)
Armour
 b - a +0 robe (worn)
Scrolls
 d - a scroll of magic mapping {unknown}
 e - a scroll of poison {unknown}
 f - a scroll of butterflies {unknown}
 h - a scroll of amnesia {unknown}
Potions
 c - a potion of ambrosia
 g - a potion of lignification {unknown}


   Skills:
 + Level 3.6 Fighting
 + Level 3.3 Polearms
 + Level 2.4 Dodging
 - Level 1.5 Stealth
 * Level 0.2 Invocations


You couldn't memorise any spells.
You didn't know any spells.
Your spell library was empty.

Dungeon Overview and Level Annotations

Branches:
Dungeon (1/15)

Altars:


Message History

A kobold comes into view. It is wielding a +0 club.
Found a twisted coral ring.
The goblin shouts!
The kobold shouts!
A goblin comes into view. It is wielding a +0 dagger.
You closely miss the goblin. The goblin closely misses you.
You miss the goblin.
A gnoll comes into view. It is wielding a +0 whip.
The goblin barely misses you.
You barely miss the kobold. The kobold misses you.
The goblin hits you but does no damage.
You are poisoned.
A ball python comes into view.
The gnoll shouts!
The goblin shouts!
You hit the kobold.
The kobold is heavily wounded.
You feel sick. The kobold hits you with a +0 club.
The goblin closely misses you.
You hit the kobold.
You kill the kobold!
You feel sick. The goblin closely misses you.
You feel sick.
You feel sick.
You feel sick.
You feel sick. The goblin attacks as you move away! The goblin misses you.
You feel sick.
You are no longer poisoned.
There is an open door here.
You hit the goblin but do no damage.
The goblin hits you with a +1 dagger of venom.
You are poisoned.
You closely miss the goblin.
You feel sick.
You are too injured to fight recklessly!
You are too injured to fight recklessly!
You are too injured to fight recklessly!
You are too injured to fight recklessly!
You feel sick.
The goblin hits you with a +1 dagger of venom.
* * * LOW HITPOINT WARNING * * *
You are more poisoned.
You die...

#....# #....... #....#
#....... #....#
#....... #....#
#+#####....... #..S.#
#.....#....... ###g###
#.....#....... #..gg.#
#.....#....... #.....#
#..8..'....... #....@#
#.....######## #.....#
#.....#<'.# #
#.....######'####'# #
#.....##...#...#..# #
#........#>#...'..# ##
#.......##.#...######.
####...#...######.....
.....#............####
########.....#######


You could see a gnoll and 2 goblins.

Vanquished Creatures
  A kobold (D:1)
  A bat (D:1)
2 creatures vanquished.

Notes
Turn   | Place    | Note
-------+----------+-------------------------------------------
     0 | D:1      | jimonade the Hill Orc Monk began the quest for the Orb.
     0 | D:1      | Reached XP level 1. HP: 19/19 MP: 1/1
   112 | D:1      | Succumbed to a goblin's poison

Illustrated notes

Levels and vault maps discovered:
D:1:      evilmike_arrival_fibonacci_small, layout_basic, minmay_pentomino_r2

Action                     || total
---------------------------++-------
  Melee: Spear             ||     9
 Armour: Robe              ||     1
  Dodge: Dodged            ||     7

Table legend: (Time is in decaauts)
 A = Elapsed time spent in this place.
 B = Non-inter-level travel time spent in this place.
 C = Inter-level travel time spent in this place.
 D = Time resting spent in this place.
 E = Time spent auto-exploring this place.
 F = Levels seen in this place.
 G = Mean time per level.
                   A        B        C        D        E       F      G
               +--------+--------+--------+--------+--------+-----+--------+
         Total |    111 |    111 |      0 |      0 |     77 |   1 |  111.0 |
       Dungeon |    111 |    111 |      0 |      0 |     77 |   1 |  111.0 |
               +--------+--------+--------+--------+--------+-----+--------+

Top non-repeatable levels by time:
     D:1: 111 daAuts
